 Dungeon Crawl Stone Soup version 0.28-a0-628-g3c9886e45e (webtiles) character file.

Game seed: 1533075117400673812

39 mordus the Chopper (level 3, 0/31 HPs)
             Began as a Hill Orc Monk on Oct 8, 2021.
             Succumbed to an adder's poison
             ... on level 3 of the Dungeon.
             The game lasted 00:01:37 (1787 turns).

mordus the Chopper (Hill Orc Monk)                  Turns: 1787, Time: 00:01:38

Health: 0/31       AC:  2    Str: 14    XL:     3   Next: 47%
Magic:  3/3        EV: 12    Int: 10    God:
Gold:   44         SH:  0    Dex: 13    Spells: 2/2 levels left

rFire   . . .      SeeInvis .   a - +0 hand axe
rCold   . . .      Faith    .   (no shield)
rNeg    . . .      Spirit   .   b - +0 robe
rPois   .          Reflect  .   (no helmet)
rElec   .          Harm     .   (no cloak)
rCorr   .          Rampage  .   (no gloves)
Will    .....                   (no boots)
Stlth   ++........              (no amulet)
HPRegen 0.10/turn               (no ring)
MPRegen 0.08/turn               (no ring)

@: lethally poisoned (0 -> -1)
A: no striking features
a: no special abilities


You were on level 3 of the Dungeon.
You visited 1 branch of the dungeon, and saw 3 of its levels.

You collected 44 gold pieces.

Inventory:

Hand Weapons
 a - a +0 hand axe (weapon)
Armour
 b - a +0 robe (worn)
Scrolls
 c - a scroll of enchant armour {unknown}
 d - a scroll of acquirement {unknown}
 h - a scroll of blinking {unknown}
Potions
 e - a potion of resistance {unknown}
 f - a potion of brilliance {unknown}
 g - a potion of mutation {unknown}
 i - 3 potions of berserk rage {unknown}


   Skills:
 - Level 3.6 Fighting
 * Level 5.3 Axes
 + Level 1.6 Armour
 - Level 2.4 Dodging
 - Level 1.5 Stealth


You had 2 spell levels left.
You didn't know any spells.
Your spell library contained the following spells:

 Spells                   Type           Power      Damage    Failure   Level
 Magic Dart               Conj           0%         1d3       36%         1
 Call Imp                 Summ           0%         N/A       50%         2
 Mephitic Cloud           Conj/Pois/Air  0%         N/A       75%         3
 Ozocubu's Armour         Ice            0%         N/A       75%         3
 Ozocubu's Refrigeration  Ice            0%         4d5       100%        7


Dungeon Overview and Level Annotations

Branches:
Dungeon (2/15)

Altars:


Message History

Things that are here:
a +0 dagger; an orc corpse
There is an open door here.
A giant cockroach comes into view.
A giant cockroach is nearby!
An adder and a goblin come into view.
The adder hisses angrily.
The helpless giant cockroach fails to defend itself.
You hit the giant cockroach but do no damage.
The giant cockroach bites you but does no damage.
You slash the giant cockroach!
You kill the giant cockroach!
Found a scroll labelled ORYN DOIGRO.
The adder bites you.
You are poisoned.
The adder poisons you!
You barely miss the adder.
You feel sick. The adder bites you.
You hit the adder but do no damage.
You feel sick. The adder bites you. The adder barely misses you.
You closely miss the adder. You hit the goblin.
You feel sick. The adder bites you.
You are more poisoned.
The adder poisons you! The goblin hits you with a +0 dagger.
You are too injured to fight recklessly!
You are too injured to fight recklessly!
You are too injured to fight recklessly!
You are too injured to fight recklessly!
You miss the adder. You hit the goblin.
You kill the goblin!
You feel sick. The adder barely misses you.
You completely miss the adder.
You feel sick. The adder barely misses you. The adder bites you.
* * * LOW HITPOINT WARNING * * *
You barely miss the adder.
You feel sick. The adder bites you.
* * * LOW HITPOINT WARNING * * *
You barely miss the adder.
You feel sick. The adder closely misses you. The adder barely misses you.
You barely miss the adder.
You feel sick. The adder bites you.
* * * LOW HITPOINT WARNING * * *
You barely miss the adder.
You die...

.....? #......
.... #......
...P# # #.....#
#...# #.##.#..+
#...# #.......#
#..# #..)S####..+
#...@..P...#
#..........#
#..†.####..##
+.......#).#...#
######..#..'...#
##
#..#..#...####..#
#..#####........#
#... #........#
#... +..####..#


You could see an adder.

Vanquished Creatures
  An orc (D:3)
  A ball python (D:1)
  3 endoplasms (D:1)
  4 giant cockroaches
  3 goblins
  5 hobgoblins (D:1)
  4 jackals (D:1)
  A quokka (D:1)
  A bat (D:1)
  2 frilled lizards (D:1)
  4 kobolds (D:1)
  5 rats (D:1)
34 creatures vanquished.

Vanquished Creatures (others)
  A plant (D:3)
1 creature vanquished.

Grand Total: 35 creatures vanquished

Notes
Turn   | Place    | Note
-------+----------+-------------------------------------------
     0 | D:1      | mordus the Hill Orc Monk began the quest for the Orb.
     0 | D:1      | Reached XP level 1. HP: 19/19 MP: 1/1
   380 | D:1      | Reached XP level 2. HP: 17/26 MP: 2/2
   543 | D:1      | Reached skill level 1 in Armour
  1120 | D:1      | Found a faded altar of an unknown god.
  1144 | D:1      | Reached skill level 5 in Axes
  1222 | D:1      | Reached XP level 3. HP: 26/31 MP: 3/3
  1720 | D:2      | You fall into a shaft and drop 1 floor!
  1786 | D:3      | HP: 1/31 [adder (2)]
  1787 | D:3      | Succumbed to an adder's poison

Illustrated notes

Levels and vault maps discovered:
D:1:      minmay_arrival_radiant_lines, layout_loops_cross,
          shapermc_ecumenical_altar_venn
D:2:      layout_loops_corners, st_stairs_5, uniq_crazy_yiuf_cottage
D:3:      corexii_shack_village, layout_basic, jmf_multi_god_temple,
          kennysheep_generic_room_15, uniq_sigmund, uniq_ijyb

Skill      XL: |  1  2 |
---------------+-------+-----
Armour         | 1 |  1.6
Axes           | 5 |  5.3
Fighting       | |  3.6
Dodging        | |  2.4
Stealth        | |  1.5

Action                   || total
-------------------------++-------
Melee: Hand axe          ||    98
 Stab: Sleeping          ||     6
Armor: Robe              ||    18
Dodge: Dodged            ||    48

Table legend: (Time is in decaauts)
 A = Elapsed time spent in this place.
 B = Non-inter-level travel time spent in this place.
 C = Inter-level travel time spent in this place.
 D = Time resting spent in this place.
 E = Time spent auto-exploring this place.
 F = Levels seen in this place.
 G = Mean time per level.
                   A        B        C        D        E       F      G
               +--------+--------+--------+--------+--------+-----+--------+
         Total |   1794 |   1755 |     39 |    632 |    886 |   3 |  598.0 |
       Dungeon |   1794 |   1755 |     39 |    632 |    886 |   3 |  598.0 |
               +--------+--------+--------+--------+--------+-----+--------+

Top non-repeatable levels by time:
     D:1: 1618 daAuts
     D:2: 109 daAuts
     D:3: 67 daAuts
